 Dungeon Crawl Stone Soup version 0.31.0 (webtiles) character file.

Game seed: 1200786240909429233

14961 Leszczynek the Fighter (level 12, -3/92 (107) HPs)
             Began as a Formicid Cinder Acolyte on Jan 19, 2024.
             Was a Believer of Ignis.
             Killed from afar by Nergalle (34 damage)
             ... with a bolt of negative energy
             ... on level 10 of the Dungeon.
             The game lasted 00:30:36 (11273 turns).

Leszczynek the Fighter (Formicid Cinder Acolyte)   Turns: 11273, Time: 00:30:36

HP:   -3/92 (107)   AC: 13    Str: 23    XL:     12   Next: 51%
MP:   13/13         EV: 27    Int: 13    God:    Ignis [**....]
Gold: 333           SH:  0    Dex: 17    Spells: 13/13 levels left

rFire   + . .        a - +3 battleaxe
rCold   . . .        (no shield)
rNeg    . . .        F - +2 scale mail {rPois}
rPois   +            (helmet unavailable)
rElec   .            i - +2 cloak
rCorr   .            v - +0 pair of gloves
SInv    +            D - +0 pair of boots
Will    +....        P - amulet of the acrobat Stlth
                     B - +6 ring of dexterity
HPRegen 0.35/turn    (no ring)
MPRegen 0.13/turn

%: acrobat
@: acrobatic, heavily drained
A: permanent stasis, dig shafts and tunnels, antennae 3, four strong arms
a: Dig, Shaft Self, Renounce Religion, Fiery Armour, Foxfire Swarm, Rising Flame


You were on level 10 of the Dungeon.
You worshipped Ignis.
Ignis was pleased with you.
You visited 2 branches of the dungeon, and saw 11 of its levels.
You also visited: Bailey.

You collected 531 gold pieces.
You spent 198 gold pieces at shops.

Inventory:

Hand Weapons
 a - a +3 battleaxe (weapon)
 b - a +3 shortbow
 j - a -1 hand axe of flaming
 K - a +0 dire flail
 O - a +0 giant club
Missiles
 c - 44 poisoned darts (quivered)
 A - 5 javelins
 H - 33 boomerangs
 I - a curare-tipped dart
Armour
 i - a +2 cloak (worn)
 q - a +0 ring mail
 v - a +0 pair of gloves (worn)
 D - a +0 pair of boots (worn)
 F - a +2 scale mail of poison resistance (worn)
 M - a +1 cloak of preservation
 R - a +0 buckler
Jewellery
 k - a ring of ice
 B - a +6 ring of dexterity (left hand)
 P - an amulet of the acrobat (around neck)
Wands
 e - a wand of roots (15)
 l - a wand of light (14)
 p - a wand of flame (9)
 s - a wand of digging (3)
Scrolls
 f - 2 scrolls of silence {!r}
 g - 2 scrolls of torment {!r}
 h - 3 scrolls of fear
 n - 2 scrolls of vulnerability {!r}
 x - a scroll of teleportation
 y - 4 scrolls of revelation
 C - a scroll of blinking {unknown}
 E - 2 scrolls of poison {unknown}
 J - a scroll of enchant weapon {unknown}
 L - 2 scrolls of noise {!r}
Potions
 d - a potion of invisibility
 m - 4 potions of heal wounds {@q2}
 o - 3 potions of curing {@q1}
 r - a potion of magic
 t - a potion of resistance {unknown}
 u - 2 potions of degeneration {unknown}
 w - 2 potions of mutation {unknown}
 z - 6 potions of might
 G - 2 potions of brilliance {unknown}
 N - a potion of haste {unknown}
Miscellaneous
 Q - a phial of floods


   Skills:
 - Level 14.1 Fighting
 * Level 12.8 Axes
 - Level 6.7 Throwing
 + Level 1.4 Armour
 - Level 4.0 Dodging
 * Level 2.7 Shields
 - Level 1.1 Spellcasting
 - Level 3.0 Fire Magic
 - Level 4.0 Evocations


You had 13 spell levels left.
You didn't know any spells.
Your spell library contained the following spells:

 Spells                   Type           Power      Damage    Failure   Level
 Scorch                   Fire           16%        2d5       32%         2
 Shock                    Conj/Air       0%         1d3       58%         1
 Ensorcelled Hibernation  Hex/Ice        0%         N/A       73%         2
 Dazzling Flash           Conj/Hex       0%         N/A       91%         3
 Fugue of the Fallen      Necr           0%         N/A       91%         3
 Hailstorm                Conj/Ice       0%         3d5       91%         3
 Mephitic Cloud           Conj/Alch/Air  0%         N/A       91%         3
 Ozocubu's Armour         Ice            0%         N/A       91%         3
 Passwall                 Erth           0%         N/A       91%         3
 Summon Ice Beast         Ice/Summ       0%         N/A       91%         3
 Airstrike                Air            0%         2d(0-16)  100%        4
 Anguish                  Hex/Necr       0%         N/A       100%        4
 Leda's Liquefaction      Alch/Erth      0%         N/A       100%        4
 Curse of Agony           Necr           0%         N/A       100%        5
 Lee's Rapid Deconstruct  Erth           0%         3d4*      100%        5
 Metabolic Englaciation   Hex/Ice        0%         N/A       100%        5
 Silence                  Hex/Air        0%         N/A       100%        5
 Bombard                  Conj/Erth      0%         9d1       100%        6
 Sculpt Simulacrum        Ice/Alch       0%         N/A       100%        6
 Swiftness                Air            Unusable   N/A       N/A         3

Dungeon Overview and Level Annotations

Branches:
Dungeon (10/15)            Temple (1/1) D:4          Bailey (visited)
   Lair: D:8-11         Orc: D:9-12

Altars:
Ashenzari
Cheibriados
Dithmenos
Elyvilon
Fedhas
Gozag
Hepliaklqana
Kikubaaqudgha
Makhleb
Nemelex Xobeh
Okawaru
Qazlal
Ru
Sif Muna
Trog
Uskayaw
Vehumet
Wu Jian
Xom
Yredelemnul
Zin
The Shining One

Shops:
D:1 [   D:4 [

Annotations:
D:8 4 transporters
D:10 Nergalle


Innate Abilities, Weirdness & Mutations

You cannot be hasted, slowed, berserked, paralysed or teleported.
You can dig through walls and to a lower floor.
You have a pair of large antennae on your head. (SInv)
Your four strong arms can wield two-handed weapons with a shield.


Message History

There is an open door here.
As you close the door, it creaks loudly!
You hear a shout!
Nergalle the Soulbinder comes into view.
She is wielding a +0 dagger.
You open the door. Nergalle casts a spell at you.
Orcish apparitions take form around you.
The spectral orc warrior closely misses you.
There is an open door here.
The spectral orc warrior attacks as it pursues you!
The spectral orc warrior completely misses you.
Found a scroll labelled LET IN AST.
The spectral orc warrior attacks as it pursues you!
The spectral orc warrior misses you.
Nergalle says, "THAT's why.
How awful.
You!"
Nergalle asks, "There's a tasty morsel, hm?"
Nergalle casts a spell at you.
Orcish apparitions take form around you.
You barely miss the spectral orc warrior.
The spectral orc warrior hits you with a +0 war axe.
You feel drained.
The spectral orc warrior completely misses you.
You hit the spectral orc warrior.
The spectral orc warrior is lightly damaged.
You hit the spectral orc warrior but do no damage.
You hit the spectral orc but do no damage.
You hit the spectral orc knight but do no damage.
The spectral orc warrior hits you from afar with a +0 trident!
You feel drained.
The spectral orc warrior closely misses you.
The spectral orc knight hits you with a +0 dire flail!
The spectral orc barely misses you. The spectral orc warrior misses you.
The spectral orc warrior attacks as it pursues you!
The spectral orc warrior barely misses you.
The spectral orc warrior completely misses you.
Nergalle gestures at you while chanting.
The bolt of negative energy hits the spectral orc warrior.
The spectral orc warrior completely resists.
The bolt of negative energy hits you!!
You feel drained.
You die...

....# #.#.......# ....#
#.#.......### ....# #.##.........
.....# ....#..######..#.o....###
#....# ....#..........#......#
#..... ....+..........#......#
#..... ...##..........#ZZ....#
#.[... ...#...........#.Z....#
#..... ...#...........#@ZZ...#
#.....
...#...........#......######.....
.(.#...........#.......))))).....
...'...........#.....##)##..#####
...####.<...####.....#...#..# #
......#.....#........#...#..# #
......#.....#.#'####.#...#..# #
......#.....).#....#.#...#..#####
......#####.#.#....#.###+#.......


You could see Nergalle, a spectral orc (summoned), 3 spectral orc warriors and a
spectral orc knight (summoned).

Vanquished Creatures
  Erica (D:10)
  A two-headed ogre (D:9)
  Pikel (D:7)
  Maurice (D:7)
  Joseph (D:10)
  A kobold demonologist (D:9)
  A komodo dragon (D:10)
  Psyche (D:8)
  A troll (D:9)
  A hornet (D:8)
  Grinder (D:3)
  Prince Ribbit (D:7)
  A shadow (D:9)
  A wyvern (D:9)
  17 yaks
  A steam dragon (D:9)
  4 vampire mosquitoes (D:10)
  Menkaure (D:6)
  A water moccasin (D:8)
  3 black bears
  A sky beast (D:7)
  7 orc warriors
  3 ice beasts
  2 ogres (D:5)
  2 centaurs
  A lemure (D:7)
  6 kobold brigands (D:9)
  Blork the orc (D:4)
  A gnoll sergeant (D:10)
  2 scorpions
  16 wights
  6 killer bees (D:8)
  An electric eel (D:8)
  4 hounds
  2 jellies
  2 gnoll boudas
  3 orc priests
  Crazy Yiuf (D:6)
  A sleepcap (D:4)
  Jessica (D:3)
  12 orc wizards
  2 iguanas
  Robin (D:4)
  7 adders
  13 gnolls
  2 shadow imps
  A white imp (D:5)
  2 ufetubi (D:4)
  A dart slug (D:1)
  44 orcs
  7 ball pythons
  5 endoplasms
  5 giant cockroaches
  26 goblins
  16 hobgoblins
  4 jackals (D:1)
  A quokka (D:1)
  5 bats
  2 frilled lizards
  20 kobolds
  7 rats
287 creatures vanquished.

Vanquished Creatures (others)
  An orc wizard (D:10)
  An orc (D:9)
2 creatures vanquished.

Grand Total: 289 creatures vanquished

Notes
Turn   | Place    | Note
-------+----------+-------------------------------------------
     0 | D:1      | Leszczynek the Formicid Cinder Acolyte began the quest for
                  | the Orb.
     0 | D:1      | Reached XP level 1. HP: 18/18 MP: 2/2
   135 | D:1      | Reached XP level 2. HP: 20/24 MP: 3/3
   158 | D:1      | Found Igevini's Armour Boutique.
   736 | D:1      | Reached XP level 3. HP: 28/30 MP: 4/4
  1134 | D:1      | Reached skill level 4 in Axes
  1415 | D:2      | Reached skill level 4 in Fighting
  1468 | D:2      | Reached XP level 4. HP: 37/37 MP: 5/5
  2006 | D:3      | Noticed a centaur
  2017 | D:3      | Killed a centaur
  2018 | D:3      | Reached XP level 5. HP: 26/43 MP: 6/6
  2099 | D:3      | Reached skill level 5 in Axes
  2289 | D:3      | Noticed Jessica
  2297 | D:3      | Killed Jessica
  2298 | D:3      | Reached skill level 1 in Evocations
  2517 | D:3      | Found a hazy altar of Hepliaklqana.
  2518 | D:3      | Found a shimmering altar of Xom.
  2519 | D:3      | Noticed a spectral ugly thing
  2700 | D:3      | Noticed a black bear
  2707 | D:3      | Killed a black bear
  2708 | D:3      | Reached skill level 2 in Evocations
  2708 | D:3      | Reached XP level 6. HP: 49/49 MP: 7/7
  2751 | D:3      | Found a blossoming altar of Fedhas.
  3046 | D:3      | Noticed Grinder
  3129 | D:4      | Reached skill level 6 in Axes
  3389 | D:4      | Noticed Robin
  3401 | D:4      | Killed Robin
  3402 | D:4      | Reached XP level 7. HP: 51/55 MP: 8/8
  3639 | D:4      | Found Xoamn's Armour Shop.
  3712 | D:4      | Noticed Blork the orc
  3730 | D:4      | Killed Blork the orc
  3731 | D:4      | Reached skill level 3 in Evocations
  3926 | D:4      | Found a staircase to the Ecumenical Temple.
  3936 | Temple   | Entered the Ecumenical Temple
  4483 | D:5      | Entered Level 5 of the Dungeon
  4503 | D:5      | Reached skill level 7 in Axes
  4794 | D:5      | Reached XP level 8. HP: 49/61 MP: 9/9
  4887 | D:5      | Reached skill level 4 in Evocations
  4977 | D:5      | Reached skill level 5 in Fighting
  5081 | D:5      | Found a snail-covered altar of Cheibriados.
  5081 | D:5      | Found a sacrificial altar of Ru.
  5081 | D:5      | Found a shadowy altar of Dithmenos.
  5081 | D:5      | Found a broken altar of Ashenzari.
  5111 | D:5      | Found a bloodstained altar of Trog.
  5132 | D:5      | Reached skill level 8 in Axes
  5535 | D:6      | Noticed Menkaure
  5544 | D:6      | Killed Menkaure
  5956 | D:6      | Reached skill level 6 in Fighting
  5956 | D:6      | Reached skill level 1 in Throwing
  6086 | D:6      | Found a sparkling altar of Nemelex Xobeh.
  6130 | D:6      | Reached XP level 9. HP: 57/69 MP: 10/10
  6190 | D:6      | Reached skill level 9 in Axes
  6364 | D:6      | Reached skill level 2 in Throwing
  6545 | D:6      | Found a runed translucent door.
  6546 | D:6      | Noticed Crazy Yiuf
  6554 | D:6      | Killed Crazy Yiuf
  6695 | D:7      | Noticed Pikel
  6866 | D:7      | Noticed Prince Ribbit
  6893 | D:7      | Killed Prince Ribbit
  6894 | D:7      | Reached skill level 3 in Throwing
  6933 | D:7      | Reached skill level 7 in Fighting
  7011 | D:7      | Noticed Maurice
  7042 | D:7      | Killed Maurice
  7043 | D:7      | Reached skill level 10 in Axes
  7193 | D:7      | Found a flagged portal.
  7208 | Bailey   | Entered a bailey
  7217 | Bailey   | Noticed an orc warlord
  7293 | Bailey   | Reached XP level 10. HP: 68/79 MP: 11/11
  7342 | Bailey   | Reached skill level 4 in Throwing
  7440 | Bailey   | Reached skill level 14 in Fighting
  7440 | Bailey   | Reached XP level 11. HP: 100/100 MP: 12/12
  7448 | Bailey   | Found a runed translucent gate.
  7515 | Bailey   | Found a runed translucent gate.
  7517 | Bailey   | Found a runed translucent gate.
  7664 | D:7      | Killed Pikel
  8167 | D:8      | Reached skill level 11 in Axes
  8344 | D:8      | Reached skill level 1 in Dodging
  8544 | D:8      | Found a transporter.
  8567 | D:8      | Found a transporter.
  8722 | D:8      | Reached skill level 5 in Throwing
  8821 | D:8      | Noticed Psyche
  8846 | D:8      | Reached skill level 2 in Dodging
  8880 | D:8      | Killed Psyche
  9397 | D:8      | Found a transporter.
  9469 | D:8      | Found a transporter.
  9705 | D:1      | Bought a +2 scale mail of poison resistance for 198 gold
                  | pieces
  9816 | D:3      | Killed Grinder
  9946 | D:8      | Reached skill level 12 in Axes
  9968 | D:9      | Noticed a two-headed ogre
  9976 | D:9      | Killed a two-headed ogre
  9977 | D:9      | Reached skill level 6 in Throwing
  9977 | D:9      | Reached skill level 3 in Dodging
  9977 | D:9      | Reached XP level 12. HP: 97/107 MP: 13/13
 10572 | D:10     | Entered Level 10 of the Dungeon
 10600 | D:10     | Noticed Erica
 10614 | D:10     | Killed Erica
 10693 | D:10     | Reached skill level 4 in Dodging
 10802 | D:10     | Noticed Joseph
 10823 | D:10     | Reached skill level 1 in Shields
 10840 | D:10     | Killed Joseph
 10841 | D:10     | Reached skill level 1 in Armour
 11077 | D:10     | Reached skill level 2 in Shields
 11244 | D:10     | Noticed Nergalle
 11273 | D:10     | Killed from afar by Nergalle

Illustrated notes

Levels and vault maps discovered:
D:1:      psy_arrival_basics, layout_basic, serial_shops, shop, minivault_4
D:2:      layout_rooms
D:3:      layout_basic, regret_index_temple_of_mockery, lemuel_crystal_altar,
          serial_co_window_serial, co_window_paths_a, co_window_paths_a,
          co_window_corner_a, co_window_corner_a, co_window_corner_a,
          co_window_paths_a, co_window_paths_b, co_window_cross_3,
          co_window_2corner, co_window_of_opportunity_c, co_window_2corner,
          co_window_of_opportunity_c, co_window_of_opportunity_c,
          co_window_4corner_b, co_window_4corner_a,
          shapermc_ecumenical_altar_petra, uniq_jessica, uniq_grinder
D:4:      layout_basic, minmay_temple_entry_statues_pillars, serial_shops,
          nicolae_shop_peninsula, uniq_robin, uniq_blork_the_orc
D:5:      layout_loops_cross, grunt_temple_overflow_open
D:6:      layout_cave_pools, mainiacjoe_overflow_catwalk,
          chequers_serial_rivers_small_b, supply_closet_lemuel,
          nicolae_elevator_lobby_plus, uniq_crazy_yiuf_cottage, uniq_menkaure
D:7:      layout_rooms, enter_bailey_3, serial_glass, glass_columns_b,
          glass_columns_b, uniq_pikel, uniq_prince_ribbit1, uniq_maurice
D:8:      argonaut_augean_stables, layout_basic,
          nicolae_transporter_intersection, uniq_psyche
D:9:      cheibrodos_iron_armory, layout_rooms, special_room
          [special_room_kobold]
D:10:     layout_irregular_city, erik_lair_orcish_takeover, erik_orc_1,
          uniq_nergalle, uniq_erica, uniq_joseph
Temple:   nicolae_temple_figure_eight

Skill      XL: |  1  2  3  4  5  6  7  8  9 10 11 12 |
---------------+-------------------------------------+-----
Axes           | 4 5 6 7 8 10 12 | 12.8
Fighting       | 4 6 7 14 | 14.1
Evocations     | 2 3 4 |  4.0
Throwing       | 1 3 4 6 |  6.7
Dodging        | 3 4 |  4.0
Shields        | 2 |  2.7
Armour         | 1 |  1.4
Spellcasting   | |  1.1
Fire Magic     | |  3.0

Action                     |  1- 3 |  4- 6 |  7- 9 | 10-12 || total
---------------------------+-------+-------+-------+-------++-------
  Melee: Hand axe          |    98 |       |       |       ||    98
         Punch             |     2 |     3 |     7 |     8 ||    20
         Quarterstaff      |    21 |   145 |   175 |       ||   341
         War axe           |       |       |    65 |       ||    65
         Battleaxe         |       |       |    30 |   344 ||   374
   Fire: Sling             |       |     8 |       |       ||     8
         Shortbow          |       |       |       |     1 ||     1
  Throw: Dart              |       |       |    37 |     9 ||    46
 Invoke: Fiery Armour      |     1 |     2 |     3 |     3 ||     9
  Evoke: Wand              |       |     9 |    19 |     4 ||    32
    Use: Scroll            |       |     9 |     2 |     4 ||    15
         Potion            |       |     2 |     1 |     5 ||     8
 Armour: Robe              |    69 |       |       |       ||    69
         Leather armour    |     1 |       |       |       ||     1
         Ring mail         |       |   143 |   212 |   149 ||   504
         Skin              |       |       |     8 |       ||     8
         Scale mail        |       |       |       |   129 ||   129
  Dodge: Dodged            |    78 |    95 |   166 |   217 ||   556
